 Dungeon Crawl Stone Soup version 0.29.0-5-ge4962eb29e (webtiles) character file.

Game seed: 4659261007036173955

296 Woods the Sneak (level 6, 0/36 HPs)
             Began as an Octopode Hedge Wizard on Aug 30, 2022.
             Slain by a white imp (5 damage)
             ... on level 4 of the Dungeon.
             The game lasted 00:13:39 (4277 turns).

Woods the Sneak (Octopode Hedge Wizard)             Turns: 4277, Time: 00:13:40

Health: 0/36       AC:  1    Str: 16      XL:     6   Next: 34%
Magic:  3/4        EV: 13    Int: 16      God:
Gold:   176        SH:  0    Dex: 11 (13) Spells: 3/14 levels left

rFire   . . .      SeeInvis .   n - +2 short sword (antimagic)
rCold   . . .      Faith    .   (no shield)
rNeg    + . .      Spirit   .   b - +0 hat
rPois   .          Reflect  .   (no amulet)
rElec   .          Harm     .   g - +6 ring of strength
rCorr   .          Rampage  .   i - ring of positive energy
Will    .....                   (no ring)
Stlth   ++++......              (no ring)
HPRegen 0.12/turn               (no ring)
MPRegen 0.09/turn               (no ring)
                                (no ring)
                                (no ring)

@: no status effects
A: almost no armour, amphibious, 8 rings, camouflage 1, gelatinous body 1,
(nimble swimmer 1), tentacles
a: no special abilities


You were on level 4 of the Dungeon.
You visited 1 branch of the dungeon, and saw 4 of its levels.

You collected 176 gold pieces.

Inventory:

Hand Weapons
 n - a +2 antimagic short sword (weapon)
Armour
 b - a +0 hat (worn)
 d - a +0 kite shield
Jewellery
 g - a +6 ring of strength (left tentacle)
 i - a ring of positive energy (right tentacle)
Scrolls
 a - a scroll of poison {unknown}
 e - 3 scrolls of brand weapon {unknown}
 h - a scroll of magic mapping {unknown}
 j - a scroll of amnesia {unknown}
 l - a scroll of teleportation {unknown}
 m - 2 scrolls of immolation {unknown}
 p - a scroll of fear {unknown}
 q - 2 scrolls of blinking {unknown}
 r - 3 scrolls of identify {unknown}
Potions
 c - 2 potions of magic
 f - 2 potions of flight {unknown}
 k - a potion of degeneration {unknown}
 o - a potion of attraction {unknown}
 s - a potion of lignification {unknown}


   Skills:
 + Level 3.2 Dodging
 + Level 4.6 Stealth
 * Level 4.6 Spellcasting
 + Level 2.4 Conjurations
 - Level 2.0 Summonings
 - Level 1.0 Translocations


You had 3 spell levels left.
You knew the following spells:

 Your Spells              Type           Power      Damage    Failure   Level
a - Magic Dart            Conj           44%        1d5       6%          1
b - Call Imp              Summ           10%        N/A       11%         2
c - Blink                 Tloc           12%        N/A       16%         2
d - Mephitic Cloud        Conj/Pois/Air  6%         N/A       34%         3
e - Conjure Flame         Conj/Fire      7%         6-21      28%         3

Your spell library contained the following spells:

 Spells                   Type           Power      Damage    Failure   Level
 Slow                     Hex            12%        N/A       16%         1


Dungeon Overview and Level Annotations

Branches:
Dungeon (4/15)
 Temple: D:4-7

Altars:
Dithmenos
Elyvilon
Qazlal
Yredelemnul

Shops:
D:4 (

Annotations:
D:2 Sigmund


Innate Abilities, Weirdness & Mutations

You cannot wear most types of armour.
You are amphibious.
You can wear up to eight rings at the same time.
Your skin changes colour to match your surroundings (Stealth+).
Your rubbery body absorbs attacks. (AC +1, EV +1)
((You are camouflaged when in or above water. (Stealth+)))
You have tentacles for arms and can constrict up to eight enemies at once.


Message History

You constrict the shadow imp. The shadow imp closely misses you.
You hit the shadow imp but do no damage.
The shadow imp is severely wounded.
You constrict the shadow imp. The shadow imp barely misses you.
You hit the shadow imp.
You kill the shadow imp!
The white imp gestures at you. The puff of frost hits you.
You hit the white imp.
The white imp's magic leaks into the air.
Your grab misses the white imp.
The white imp is lightly wounded.
The white imp hits you. The white imp freezes you.
You hit the white imp but do no damage. Your grab misses the white imp.
The white imp is lightly wounded.
The white imp's magic is no longer disrupted.
The white imp misses you.
You hit the white imp.
The white imp's magic leaks into the air.
Your grab misses the white imp.
The white imp is heavily wounded.
The white imp's magic is no longer disrupted.
The white imp hits you but does no damage.
You barely miss the white imp. You grab the white imp.
The white imp is heavily wounded.
You constrict the white imp. The white imp puffs mist at you.
The white imp gestures at you. The puff of frost hits you!
* * * LOW HITPOINT WARNING * * *
Aiming: Magic Dart (safe; 6% risk of failure)
Press: ? - help, Q - select action, (/) - cycle Shift-Dir - straight line, f - white imp
Aim: a white imp (severely wounded, constricted by you, 100% to hit)
The magic dart hits the white imp.
The white imp is almost dead.
You constrict the white imp, but do no damage.
The white imp hits you.
* * * LOW HITPOINT WARNING * * *
The white imp freezes you.
You die...

#................#..5....
##................#.......
#.........................
#.................#.......
#..............[...........
#........#........<........
######...######.###....#........
##........## #5#.....##........
P≈.≈P.#....#####@#.#..###........
#≈.≈#.#.......##.#.#.####........
P≈.≈..#.....#.........##.........
.≈.≈..#...#.........#.##.........
#≈.≈#...#................########
P≈.≈.P....##...~~≈....#)###
P≈.≈.....###.~.~~~~...#..§###
#≈.≈#........P~~~.....#..♣§§♣##
.≈.≈....####.♣~.~~....#.~§§§..#


You could see a white imp.

Vanquished Creatures
  A scorpion (D:4)
  2 quasits (D:4)
  3 adders
  3 shadow imps (D:4)
  2 white imps (D:4)
  A worm (D:2)
  A dart slug (D:4)
  4 orcs
  5 bats
  An endoplasm (D:3)
  A giant cockroach (D:2)
  5 goblins
  10 hobgoblins
  11 jackals
  2 quokkas
  6 ball pythons
  6 frilled lizards
  5 kobolds
  3 rats
72 creatures vanquished.

Vanquished Creatures (collateral kills)
  Terence (D:2)
  A kobold (D:2)
  A quokka (D:2)
3 creatures vanquished.

Vanquished Creatures (others)
  4 demonic plants (D:4)
  5 plants (D:4)
9 creatures vanquished.

Grand Total: 84 creatures vanquished

Notes
Turn   | Place    | Note
-------+----------+-------------------------------------------
     0 | D:1      | Woods the Octopode Hedge Wizard began the quest for the
                  | Orb.
     0 | D:1      | Reached XP level 1. HP: 11/11 MP: 4/4
   181 | D:1      | Reached XP level 2. HP: 13/17 MP: 3/6
   565 | D:1      | Found a faded altar of an unknown god.
   788 | D:2      | Noticed Terence
   908 | D:2      | Found a shadowy altar of Dithmenos.
  1071 | D:2      | Reached XP level 3. HP: 21/21 MP: 7/7
  1117 | D:2      | Learned a level 2 spell: Call Imp
  1229 | D:2      | Learned a level 2 spell: Blink
  1233 | D:2      | Learned a level 3 spell: Mephitic Cloud
  1271 | D:2      | Noticed Sigmund
  1612 | D:2      | Killed Terence
  1613 | D:2      | Reached XP level 4. HP: 27/27 MP: 4/9
  2212 | D:3      | Found a basalt altar of Yredelemnul.
  2641 | D:3      | Found a stormy altar of Qazlal.
  2695 | D:3      | Reached XP level 5. HP: 31/31 MP: 3/11
  2699 | D:3      | Learned a level 3 spell: Conjure Flame
  2884 | D:4      | Noticed a phantom
  3409 | D:4      | Reached XP level 6. HP: 30/36 MP: 0/12
  3934 | D:4      | Found Ahocw's Weapon Shoppe.
  4218 | D:4      | Found a white marble altar of Elyvilon.
  4277 | D:4      | Slain by a white imp

Illustrated notes

Levels and vault maps discovered:
D:1:      roderic_octagonal_star, layout_rooms,
          hellmonk_ecumenical_altar_pennies_from_heaven
D:2:      layout_basic, basic_altar, uniq_sigmund, uniq_terence
D:3:      layout_rooms, nicolae_qazlal_eye_of_the_storm,
          mainiacjoe_overflow_six_doors_small
D:4:      layout_rooms, nicolae_elyvilon_temple_path, serial_shops, shop,
          serial_demonic, serial_demonic_e, serial_demonic_a, serial_demonic_f,
          serial_demonic_f, serial_demonic_g

Skill      XL: |  1  2  3  4  5 |
---------------+----------------+-----
Stealth        | 3 4 |  4.6
Spellcasting   | 4 |  4.6
Summonings     | 2 |  2.0
Dodging        | 3 |  3.2
Conjurations   | 2 |  2.4
Translocations | |  1.0

Action                   |  1- 3 |  4- 6 || total
-------------------------+-------+-------++-------
Melee: Dagger            |    39 |     3 ||    42
       Tentacles         |    11 |    17 ||    28
       Constrict         |     9 |    28 ||    37
       Short sword       |       |    82 ||    82
       Punch             |       |     1 ||     1
 Cast: Magic Dart        |    30 |    37 ||    67
       Call Imp          |     5 |     1 ||     6
 Stab: Sleeping          |     3 |     5 ||     8
Armor: Skin              |     1 |     5 ||     6
Dodge: Dodged            |    24 |    70 ||    94
